 Dungeon Crawl Stone Soup version 0.28-a0-932-g843f935a50 (webtiles) character file.

Game seed: 7715589462303799427

13321 Zonian the Unseen (level 12, -3/93 HPs)
             Began as a Vine Stalker Brigand on Nov 27, 2021.
             Was an Elder of Dithmenos.
             Slain by a seven-headed hydra (9 damage)
             ... on level 3 of the Lair of Beasts.
             The game lasted 00:27:20 (11591 turns).

Zonian the Unseen (Vine Stalker Brigand)           Turns: 11591, Time: 00:27:21

Health: -3/93      AC: 26    Str: 18    XL:     12   Next: 4%
Magic:  0/18       EV:  2    Int: 17    God:    Dithmenos [****..]
Gold:   477        SH:  0    Dex: 20    Spells: 7/11 levels left

rFire   . . .      SeeInvis .   k - +3 dagger (venom)
rCold   . . .      Faith    .   (no shield)
rNeg    . . .      Spirit   +   (armour currently unavailable)
rPois   +          Reflect  .   (helmet currently unavailable)
rElec   .          Harm     .   (cloak currently unavailable)
rCorr   .          Rampage  .   (gloves currently unavailable)
Will    +....      NoTele   +   (boots currently unavailable) Stlth *+++++++++
                                (no amulet)
HPRegen 1.05/turn               q - ring of Vakly {Str+3 Int+6 Stlth+}
MPRegen 0.16/turn               g - +4 ring of evasion

@: tree-form, wreathed by umbra, studying Stealth
A: stationary, stasis, torment immunity, boosted hp, (fangs 3), regeneration 1,
magic shield, (antimagic bite), no potion heal 2
a: Renounce Religion, Shadow Step


You were on level 3 of the Lair of Beasts.
You worshipped Dithmenos.
Dithmenos was greatly pleased with you.
You were a tree.
You visited 3 branches of the dungeon, and saw 12 of its levels.
You also visited: Sewer.

You collected 621 gold pieces.
You spent 144 gold pieces at shops.

Inventory:

Hand Weapons
 a - a +2 dagger
 k - a +3 dagger of venom (weapon)
 F - a +5 scimitar
 N - a +0 hand crossbow
Missiles
 d - 43 poisoned darts (quivered)
 e - 2 curare-tipped darts
 p - 3 boomerangs
 t - 2 javelins
 G - 123 sling bullets
Armour
 b - a +0 robe
 c - a +1 cloak (melded)
 i - a +0 helmet (melded)
 s - a +0 pair of gloves (melded)
 v - the +1 robe of Patterns (melded) {rF+ rN+ Slay+3}
   (You found it on level 5 of the Dungeon)

   Slay:      It affects your accuracy & damage with ranged weapons and melee
   (+3).
   rF:        It protects you from fire.
   rN:        It protects you from negative energy.
Jewellery
 f - a ring of willpower
 g - a +4 ring of evasion (right branch)
 q - the ring of Vakly (left branch) {Str+3 Int+6 Stlth+}
   (You acquired it on level 4 of the Dungeon)

   [ring of intelligence]

   Str:       It affects your strength (+3).
   Int:       It affects your intelligence (+6).
   Stlth:     It makes you more stealthy.
 r - a ring of fire
 x - a ring of willpower
 I - a +6 ring of strength
 M - a ring of willpower
 O - a ring of see invisible
Wands
 l - a wand of mindburst (11)
 y - a wand of polymorph (2)
 H - a wand of paralysis (7)
 K - a wand of acid (5)
Scrolls
 A - a scroll of fear
 D - 5 scrolls of teleportation
 J - a scroll of fog
 L - a scroll of amnesia
Potions
 h - 8 potions of lignification
 j - 4 potions of brilliance
 m - 3 potions of haste
 n - 10 potions of curing
 o - 7 potions of might
 u - a potion of attraction {unknown}
 w - a potion of degeneration {unknown}
 z - 2 potions of magic {unknown}
 B - 2 potions of mutation {unknown}
 C - 3 potions of cancellation {unknown}
 E - 2 potions of invisibility {unknown}


   Skills:
 + Level 6.7 Fighting
 - Level 8.5 Short Blades
 + Level 2.6 Throwing
 + Level 6.0 Dodging
 - Level 16.8 Stealth
 * Level 7.7 Invocations
 - Level 4.0 Evocations


You had 7 spell levels left.
You knew the following spells:

 Your Spells              Type           Power      Damage    Failure   Level
a - Airstrike             Air            0%         N/A       93%         4

Your spell library contained the following spells:

 Spells                   Type           Power      Damage    Failure   Level
 Corpse Rot               Necr/Air       0%         N/A       34%         2
 Poisonous Vapours        Pois/Air       0%         N/A       34%         2
 Summon Lightning Spire   Summ/Air       0%         N/A       93%         4
 Lightning Bolt           Conj/Air       0%         1d11      100%        5


Dungeon Overview and Level Annotations

Branches:
Dungeon (8/15)             Temple (1/1) D:6            Lair (3/6) D:8
  Sewer (visited)
  Swamp: Lair:2-4    Shoals: Lair:2-4     Snake: Lair:2-4    Spider: Lair:2-4

Altars:
Cheibriados
Dithmenos
Nemelex Xobeh

Shops:
D:3 *   D:4 *   D:6 [

Annotations:
D:5 2 transporters, ytrimaz's ghost, novice DsFi
Lair:1 1 runed translucent door, Heneca's ghost, journeyman GnDe


Innate Abilities, Weirdness & Mutations

You are a tree.
Your roots penetrate the ground, keeping you stationary.
You cannot be teleported.
You are immune to unholy pain and torment.
Your maximum health is greatly increased.
Your equipment is partially melded.
((You have razor-sharp teeth.))
Your natural rate of healing is unusually fast.
When hurt, damage is shared between your health and your magic reserves.
((Your bite disrupts and absorbs the magic of your enemies.))
Potions cannot restore your health.


Message History

The seven-headed hydra bites you.
The seven-headed hydra bites you but does no damage. x4
You hit the seven-headed hydra.
The seven-headed hydra is moderately wounded.
Unknown command.
You hit the seven-headed hydra.
The seven-headed hydra is moderately wounded.
The seven-headed hydra bites you but does no damage. x2
The seven-headed hydra bites you!
* * * LOW HITPOINT WARNING * * *
The seven-headed hydra bites you.
* * * LOW HITPOINT WARNING * * *
The seven-headed hydra bites you but does no damage.
The seven-headed hydra bites you!
* * * LOW HITPOINT WARNING * * *
The seven-headed hydra bites you but does no damage.
Okay, then.
Okay, then.
Aiming: Corrosive Bolt
Press: ? - help, Shift-Dir - straight line, f - seven-headed hydra
Aim: a seven-headed hydra (moderately wounded, very poisoned, umbra, 91% to hit)
The bolt of acid hits the seven-headed hydra!
The acid corrodes the seven-headed hydra!
The seven-headed hydra is heavily wounded.
The seven-headed hydra bites you but does no damage. x3
The seven-headed hydra barely misses you.
The seven-headed hydra bites you but does no damage.
The seven-headed hydra bites you!
* * * LOW HITPOINT WARNING * * *
The seven-headed hydra bites you but does no damage.
Aiming: Corrosive Bolt
Press: ? - help, Shift-Dir - straight line, f/p - seven-headed hydra
Aim: a seven-headed hydra (heavily wounded, very poisoned, covered in acid, umbra, 91% to hit)
The bolt of acid hits the seven-headed hydra!
The seven-headed hydra is severely wounded.
The seven-headed hydra bites you.
* * * LOW HITPOINT WARNING * * *
The seven-headed hydra bites you but does no damage. x3
The seven-headed hydra bites you!
You die...

#..#......#...........##
#..#.......#...##.###..#
#...÷......#(..######.##
##..#.......#...# #..##
#...........#..## ##.P#
###..#...........# ##.## ###
##.#..#.......#...# ##...###.##
##..#..#..##+##D...####.#.###...#
................♣.†..............
..†..............................
#.##....#P###.#..###..##.##..#P..
#####.#.### ###### #######.######
##### ###


You could see a seven-headed hydra (very poisoned, corroded).

Vanquished Creatures
  Snorg (Lair:3)
  A hydra (Lair:2)
  2 black mambas
  4 cane toads
  A rime drake (Lair:3)
  5 komodo dragons
  11 blink frogs
  A wraith (D:5)
  9 yaks (Lair:1)
  2 basilisks
  A steam dragon (D:6)
  Edmund (D:4)
  4 vampire mosquitoes (D:8)
  6 water moccasins
  An orc warrior (D:8)
  Duvessa (D:5)
  A necrophage (D:5)
  2 ice beasts
  An ogre (D:7)
  3 wolves (Lair:3)
  2 phantoms (D:5)
  13 bullfrogs
  2 water moccasin zombies
  A scorpion (D:6)
  2 wyvern zombies
  Dowan (D:5)
  A water moccasin skeleton (D:4)
  8 wights
  6 howler monkeys
  2 bullfrog zombies
  2 gnoll shamans (D:7)
  5 hounds
  A jelly (D:5)
  Crazy Yiuf (D:5)
  An orc priest (D:8)
  An iguana (D:4)
  4 orc wizards (D:8)
  A killer bee zombie (D:7)
  A howler monkey skeleton (D:6)
  11 gnolls
  7 adders
  8 river rats
  2 white imps (D:7)
  An ufetubus (D:4)
  An adder skeleton (D:4)
  6 worms
  3 dart slugs
  11 orcs
  13 ball pythons
  4 bats
  6 endoplasms
  6 giant cockroaches
  8 goblins
  3 hobgoblins
  6 jackals
  5 quokkas
  4 frilled lizards
  26 kobolds
  25 rats
269 creatures vanquished.

Vanquished Creatures (others)
  23 fungi
  16 plants
39 creatures vanquished.

Grand Total: 308 creatures vanquished

Notes
Turn   | Place    | Note
-------+----------+-------------------------------------------
     0 | D:1      | Zonian the Vine Stalker Brigand began the quest for the
                  | Orb.
     0 | D:1      | Reached XP level 1. HP: 11/11 MP: 2/2
    30 | D:1      | Reached skill level 5 in Stealth
   220 | D:1      | Reached XP level 2. HP: 14/15 MP: 3/3
   291 | D:1      | Found a faded altar of an unknown god.
  1200 | D:1      | Reached XP level 3. HP: 18/18 MP: 4/4
  1347 | D:2      | Reached skill level 6 in Stealth
  2129 | D:2      | Reached skill level 1 in Dodging
  2129 | D:2      | Gained mutation: Your natural rate of healing is unusually
                  | fast. [Vine Stalker growth]
  2129 | D:2      | Reached XP level 4. HP: 23/23 MP: 5/5
  2814 | D:3      | Reached XP level 5. HP: 26/26 MP: 4/6
  2876 | D:3      | Found Sium's Assorted Antiques.
  2880 | D:3      | Bought a runed dagger for 105 gold pieces
  2975 | D:3      | Found a sparkling altar of Nemelex Xobeh.
  3486 | D:3      | Bought a scroll labelled MUC TOQESIPH for 21 gold pieces
  3488 | D:3      | Bought a bubbling clear potion for 18 gold pieces
  3824 | D:4      | Reached skill level 7 in Stealth
  3879 | D:4      | Reached XP level 6. HP: 32/32 MP: 7/7
  3906 | D:4      | Found Boreshell's Elemental Accessories.
  4001 | D:4      | Acquired the ring of Vakly {Str+3 Int+6 Stlth+}
  4156 | D:4      | Noticed Edmund
  4191 | D:4      | Killed Edmund
  4844 | D:5      | Entered Level 5 of the Dungeon
  4851 | D:5      | Reached XP level 7. HP: 35/35 MP: 8/8
  4902 | D:5      | Noticed Duvessa
  4907 | D:5      | Noticed Dowan
  4915 | D:5      | Killed Duvessa
  4916 | D:5      | Reached skill level 8 in Stealth
  4924 | D:5      | Killed Dowan
  4932 | D:5      | Acquired a manual of Stealth
  5034 | D:5      | Reached skill level 9 in Stealth
  5088 | D:5      | Noticed a wraith
  5095 | D:5      | Killed a wraith
  5096 | D:5      | Gained mutation: You have razor-sharp teeth. [Vine Stalker
                  | growth]
  5096 | D:5      | Reached XP level 8. HP: 40/40 MP: 9/9
  5117 | D:5      | Found a runed translucent door.
  5118 | D:5      | Noticed Crazy Yiuf
  5281 | D:5      | Noticed ytrimaz's ghost (novice DsFi)
  5290 | D:5      | Found a transporter.
  5295 | D:5      | Found a transporter.
  5314 | D:5      | Reached skill level 10 in Stealth
  5326 | D:5      | Identified the +1 robe of Patterns {rF+ rN+ Slay+3}
  5540 | D:5      | Killed Crazy Yiuf
  5593 | D:6      | Found a staircase to the Ecumenical Temple.
  5600 | Temple   | Entered the Ecumenical Temple
  5638 | Temple   | Became a worshipper of Dithmenos the Shadowed
  5822 | D:6      | Reached skill level 11 in Stealth
  5841 | D:6      | Found a glowing drain.
  5845 | Sewer    | Entered a sewer
  5947 | Sewer    | Reached * piety under Dithmenos
  6137 | Sewer    | Reached skill level 5 in Short Blades
  6455 | D:6      | Reached ** piety under Dithmenos
  6483 | D:6      | Reached skill level 12 in Stealth
  6483 | D:6      | Reached skill level 1 in Invocations
  6494 | D:6      | Found Siodd's Antique Armour Emporium.
  6575 | D:6      | Reached XP level 9. HP: 44/44 MP: 11/11
  6874 | D:7      | Reached skill level 13 in Stealth
  7502 | D:8      | Reached skill level 14 in Stealth
  7797 | D:8      | Reached *** piety under Dithmenos
  7818 | D:8      | Found a staircase to the Lair.
  8238 | D:8      | Reached skill level 15 in Stealth
  8240 | D:8      | Reached XP level 10. HP: 47/51 MP: 11/14
  8410 | Lair:1   | Entered Level 1 of the Lair of Beasts
  8524 | Lair:1   | Reached skill level 16 in Stealth
  8595 | Lair:1   | Noticed a black mamba
  8614 | Lair:1   | HP: 2/51 [black mamba (8)]
  8624 | Lair:1   | Killed a black mamba
  8755 | Lair:1   | Reached skill level 5 in Invocations
  8816 | Lair:1   | Found a runed translucent door.
  8840 | Lair:1   | Reached skill level 5 in Fighting
  8940 | Lair:1   | Noticed a cane toad
  8955 | Lair:1   | Killed a cane toad
  9101 | Lair:1   | Noticed a four-headed hydra
  9101 | Lair:1   | Noticed Heneca's ghost (journeyman GnDe)
  9364 | Lair:1   | Reached XP level 11. HP: 56/56 MP: 16/16
  9451 | Lair:2   | Noticed a five-headed hydra
  9571 | Lair:2   | Noticed a six-headed hydra
  9578 | Lair:2   | Killed a six-headed hydra
  9579 | Lair:2   | Reached skill level 5 in Dodging
  9579 | Lair:2   | Reached skill level 1 in Evocations
 10214 | Lair:3   | Noticed Snorg
 10221 | Lair:3   | Killed Snorg
 10309 | Lair:3   | Noticed a seven-headed hydra
 11067 | Lair:3   | Reached **** piety under Dithmenos
 11341 | Lair:3   | Reached XP level 12. HP: 62/62 MP: 18/18
 11391 | Lair:3   | Learned a level 4 spell: Airstrike
 11473 | Lair:3   | Found the +2 hat of the Bear Spirit {Spirit, *Rage Will++}
 11591 | Lair:3   | Slain by a seven-headed hydra

Illustrated notes

Levels and vault maps discovered:
D:1:      scummos_arrival_checkerplants, layout_basic,
          hellmonk_ecumenical_altar_inner_sanctum
D:2:      layout_loops_cross
D:3:      layout_loops_ring, nemelex_spade_bored_becter, serial_shops,
          nicolae_shop_behind_doors
D:4:      layout_basic, minivault_25, nicolae_elemental_shop,
          minmay_close_crescents, uniq_edmund
D:5:      layout_rooms, gammafunk_ghost_hive, uniq_duvessa,
          uniq_crazy_yiuf_cottage
D:6:      layout_rooms, minmay_temple_entry_steel_oval, gup_sewer_entry_spiral,
          serial_shops, nicolae_diamond_shop
D:7:      layout_loops_ring
D:8:      layout_loops_cross, lair_entry_dummy
Temple:   mainiacjoe_temple_big_plus
Lair:1:   layout_small_grid, ebering_ghost_inner_flame, grunt_megastairs_4,
          infiniplex_staircase_pool
Lair:2:   layout_long_grid
Lair:3:   layout_chaotic_city, gammafunk_ghost_cemetery,
          cheibrodos_lair_caveside_slide, uniq_snorg

Skill      XL: |  1  2  3  4  5  6  7  8  9 10 11 12 |
---------------+-------------------------------------+-----
Stealth        | 5 6 7 9 12 15 16 | 16.8
Fighting       | 2 3 4 5 6 |  6.7
Short Blades   | 2 3 4 5 6 7 8 |  8.5
Dodging        | 1 2 3 4 5 6 |  6.0
Throwing       | 2 |  2.6
Invocations    | 1 4 6 7 |  7.7
Evocations     | 3 4 |  4.0

Action                   |  1- 3 |  4- 6 |  7- 9 | 10-12 || total
-------------------------+-------+-------+-------+-------++-------
Melee: Dagger            |   105 |   142 |   303 |   263 ||   813
       Bite              |    17 |    41 |    96 |    93 ||   247
Throw: Dart              |       |     5 |     4 |       ||     9
Evoke: Wand              |       |       |       |     2 ||     2
  Use: Scroll            |       |     8 |    10 |     2 ||    20
       Potion            |       |       |       |     2 ||     2
 Stab: Sleeping          |     8 |    15 |    45 |    23 ||    91
       Distracted        |     1 |     1 |       |     2 ||     4
Armor: Robe              |    18 |    12 |    29 |    21 ||    80
       Skin              |       |       |       |    41 ||    41
Dodge: Dodged            |    49 |    93 |   170 |   151 ||   463

Table legend: (Time is in decaauts)
 A = Elapsed time spent in this place.
 B = Non-inter-level travel time spent in this place.
 C = Inter-level travel time spent in this place.
 D = Time resting spent in this place.
 E = Time spent auto-exploring this place.
 F = Levels seen in this place.
 G = Mean time per level.
                   A        B        C        D        E       F      G
               +--------+--------+--------+--------+--------+-----+--------+
         Total |  11442 |  11046 |    396 |   1994 |   5978 |  13 |  880.2 |
       Dungeon |   7743 |   7514 |    229 |   1309 |   4481 |   8 |  967.9 |
        Temple |     71 |     71 |      0 |      0 |      0 |   1 |   71.0 |
          Lair |   3093 |   2927 |    166 |    685 |   1249 |   3 | 1031.0 |
         Sewer |    534 |    534 |      0 |      0 |    247 |   1 |  534.0 |
               +--------+--------+--------+--------+--------+-----+--------+

Top non-repeatable levels by time:
     D:3: 1383 daAuts
     D:1: 1232 daAuts
     D:4: 1125 daAuts
     D:2: 1071 daAuts
  Lair:1: 1046 daAuts
  Lair:2: 1040 daAuts
  Lair:3: 1007 daAuts
     D:8: 885 daAuts
     D:5: 718 daAuts
     D:7: 712 daAuts
     D:6: 614 daAuts
   Sewer: 534 daAuts
  Temple: 71 daAuts
